 Dungeon Crawl Stone Soup version 0.20.1-1-g8b1a95d (webtiles) character file.

26 vineage the Skirmisher (level 2, -7/24 HPs)
             Began as a Demonspawn Berserker on Aug 28, 2017.
             Was a Follower of Trog.
             Mangled by Sigmund
             ... wielding a +2 scythe of protection
              (10 damage)
             ... on level 2 of the Dungeon.
             The game lasted 00:01:59 (1074 turns).

vineage the Skirmisher (Demonspawn Berserker)       Turns: 1074, Time: 00:02:00

Health: -7/24      AC: 12    Str: 17    XL:     2   Next: 89%
Magic:  2/2        EV:  5    Int:  8    God:    Trog [*.....]
Gold:   151        SH:  0    Dex: 12    Spells: 1/1 levels left

rFire    . . .     SeeInvis .   a - +0 falchion
rCold    . . .     Gourm    .   (no shield)
rNeg     . . .     Faith    .   f - +0 plate armour
rPois    .         Spirit   .   (no helmet)
rElec    .         Reflect  .   (no cloak)
rCorr    .         Harm     .   (no gloves)
MR       .....                  k - +0 pair of boots
Stlth    ..........             (no amulet)
Regen    0.1/turn               (no ring)
MPRegen  0.1/turn               (no ring)

@: no status effects
A: hooves 1
a: Berserk, Burn Spellbooks, Renounce Religion


You were on level 2 of the Dungeon.
You worshipped Trog.
Trog was aware of your devotion.
You were hungry.

You visited 1 branch of the dungeon, and saw 2 of its levels.

You collected 151 gold pieces.

Inventory:

Hand Weapons
 a - a +0 falchion (weapon)
Armour
 b - a +0 animal skin
 f - a +0 plate armour (worn)
 k - a +0 pair of boots (worn)
Jewellery
 m - a cursed ring of loudness {unknown}
Scrolls
 h - a scroll of teleportation {unknown}
 i - a scroll of identify {unknown}
Potions
 l - a potion of magic
Comestibles
 c - 2 bread rations
 g - a royal jelly
 n - a meat ration


   Skills:
 + Level 3.5 Fighting
 + Level 2.9 Long Blades
 + Level 2.1 Armour
 + Level 2.0 Dodging


You had one spell level left.
You didn't know any spells.

Dungeon Overview and Level Annotations

Branches:
Dungeon (2/15)

Altars:
Nemelex Xobeh

Annotations:
D:2 Sigmund


Innate Abilities, Weirdness & Mutations

You have large cloven feet.


Message History

You barely miss something. You hit something but do no damage.
Something hits you but does no damage.
You closely miss something. Something hits you.
You closely miss something. Something completely misses you.
You closely miss something. You miss something.
Something hits you but does no damage.
You hit something. Something hits you but does no damage.
Your plate armour prevents you from hitting something.
Something hits you but does no damage.
You closely miss something. Something hits you but does no damage.
You closely miss something. You miss something.
Something hits you but does no damage.
You miss something. Something hits you.
Your plate armour prevents you from hitting something.
You hear some strange, mumbled words.
Something tries to affect you, but you resist.
You miss something. Something hits you.
* * * LOW HITPOINT WARNING * * *
You miss something. Something hits you!
You die...

#.................#
#....<............#
#.#.###...........#
#.#....(######....###
#.###.......###.#....
#...............#####
#####.....$.##### #
.#######.....).#########
......{@................
.###...........####.....
#.........$.# #.....
#.....##########.....
........ ........
###.....## ###.....
#.....# #..... #?....#
#..... #.....


There were no monsters in sight!

Vanquished Creatures
  An adder (D:2)
  A leopard gecko (D:1)
  3 goblins (D:1)
  2 hobgoblins
  3 bats
  A frilled lizard (D:1)
  3 kobolds (D:1)
  2 rats
16 creatures vanquished.

Notes
Turn   | Place    | Note
-------+----------+-------------------------------------------
     0 | D:1      | vineage the Demonspawn Berserker began the quest for the Orb.
     0 | D:1      | Reached XP level 1. HP: 18/18 MP: 1/1
   316 | D:1      | Gained mutation: You have large cloven feet. [demonic ancestry]
   316 | D:1      | Reached XP level 2. HP: 16/24 MP: 2/2
   852 | D:2      | Found a sparkling altar of Nemelex Xobeh.
  1010 | D:2      | Noticed Sigmund
  1074 | D:2      | Mangled by Sigmund

Skill      XL: |  1  2 |
---------------+-------+-----
Armour         | 2 |  2.1
Dodging        | 2 |  2.0
Fighting       | |  3.5
Long Blades    | |  2.9

Action                   || total
-------------------------++-------
Melee: Falchion          ||   107
       Kick              ||     2
  Use: Potion            ||     6
Armor: Plate armour      ||    63
       Animal skin       ||     4
       Skin              ||    11
Dodge: Dodged            ||    28
       Rpst.: Falchion   ||     7
